 Dungeon Crawl Stone Soup version 0.30.0-19-g36f170ea60 (webtiles) character file.

Game seed: 9184820966861626181

366296 speedhar the Peltast (level 22, -4/146 HPs)
             Began as a Gargoyle Fighter on May 30, 2023.
             Was the Champion of the Shining One.
             Killed from afar by Vv (28 damage)
             ... by creeping frost
             ... on level 2 of the Crypt on May 31, 2023.
             The game lasted 04:16:37 (60816 turns).

speedhar the Peltast (Gargoyle Fighter)            Turns: 60816, Time: 04:16:38

Health: -4/146     AC: 58    Str: 43    XL:     22   Next: 56%
Magic:  30/34      EV: 11    Int:  9    God:    the Shining One [******]
Gold:   3688       SH: 21    Dex:  6    Spells: 30/32 levels left

rFire   . . .        a - +4 morningstar (protect)
rCold   . . .        V - +3 kite shield of Limited Liability {rCorr Slay+3}
rNeg    + + +        r - +10 plate armour of Hedonism {rElec rN++ Dex-3 SInv}
rPois   ∞            T - +2 helmet
rElec   +            n - +2 cloak
rCorr   +            x - +2 pair of gloves
SInv    +            f - +0 pair of boots
Will    +....        k - amulet of reflection Stlth
                     U - +6 ring of strength
HPRegen 0.44/turn    F - +6 ring of strength
MPRegen 0.24/turn

%: reflection
@: flying, glowing, studying 2 skills
A: sickness immunity, AC +16, big wings, negative energy resistance 1,
electricity resistance, torment resistance 1, petrification resistance
}: 2/15 runes: decaying, gossamer
a: Renounce Religion, Divine Shield, Cleansing Flame, Summon Divine Warrior,
Brand Weapon With Holy Wrath


You were on level 2 of the Crypt.
You worshipped the Shining One.
The Shining One was exalted by your worship.
You visited 10 branches of the dungeon, and saw 41 of its levels.
You visited the Abyss 1 time.
You also visited: Sewer, Wizlab and Desolation.

You collected 5097 gold pieces.
You spent 1409 gold pieces at shops.

Inventory:

Hand Weapons
 a - a +4 morningstar of protection (weapon)
 J - a +0 morningstar
Missiles
 v - 2 throwing nets
 B - 50 poisoned darts (quivered)
 H - 10 curare-tipped darts
 I - 6 datura-tipped darts
Armour
 f - a +0 pair of boots (worn)
 n - a +2 cloak (worn)
 r - the +10 plate armour of Hedonism (worn) {rElec rN++ Dex-3 SInv}
   (You bought it in a shop on level 2 of the Orcish Mines)

   Dex:       It affects your dexterity (-3).
   rElec:     It insulates you from electricity.
   rN:        It greatly protects you from negative energy.
   SInv:      It lets you see invisible.
 x - a +2 pair of gloves (worn)
 z - a +0 tower shield
 T - a +2 helmet (worn)
 V - the +3 kite shield of Limited Liability (worn) {rCorr Slay+3}
   (You acquired it on level 5 of the Lair of Beasts)

   Slay:      It affects your accuracy & damage with ranged weapons and melee
   (+3).
   rCorr:     It protects you from acid and corrosion.
Jewellery
 k - an amulet of reflection (around neck)
 F - a +6 ring of strength (right hand)
 K - a ring of resist corrosion
 P - the ring of Cynepuw {rC+ Str-2 Int+4}
   (You found it in the Desolation of Salt)

   [ring of protection from cold]

   Str:       It affects your strength (-2).
   Int:       It affects your intelligence (+4).
   rC:        It protects you from cold.
 S - the amulet "Ummiav" {RegenMP rC+ Regen+ rCorr}
   (You bought it in a shop on level 2 of the Orcish Mines)

   [amulet of magic regeneration]

   It increases your rate of magic regeneration.
   rC:        It protects you from cold.
   Regen:     It increases your rate of health regeneration.
   rCorr:     It protects you from acid and corrosion.
 U - a +6 ring of strength (left hand)
Wands
 b - a wand of flame (85)
 c - a wand of quicksilver (3)
 y - a wand of iceblast (16)
 G - a wand of paralysis (70)
 O - a wand of mindburst (22)
 X - a wand of polymorph (19)
 Y - a wand of digging (17)
Scrolls
 e - a scroll of brand weapon
 p - 4 scrolls of enchant armour
 s - a scroll of blinking
 t - 26 scrolls of identify
 u - 7 scrolls of fear
 w - 9 scrolls of teleportation
 A - 2 scrolls of summoning
 C - 9 scrolls of poison
 L - 5 scrolls of enchant weapon
 M - 4 scrolls of magic mapping
 N - 4 scrolls of fog
 Q - 3 scrolls of amnesia
Potions
 d - 9 potions of might
 g - 5 potions of magic
 h - 8 potions of mutation
 i - 8 potions of brilliance
 j - 11 potions of curing
 l - 2 potions of berserk rage
 m - 5 potions of ambrosia
 q - 8 potions of cancellation
 D - 7 potions of haste
 E - 5 potions of resistance
Miscellaneous
 W - a lightning rod (4/4)


   Skills:
 + Level 17.8 Fighting
 + Level 16.8 Maces & Flails
 - Level 5.0 Throwing
 + Level 17.8 Armour
 + Level 13.2 Dodging
 + Level 17.9 Shields
 + Level 5.6 Spellcasting
 + Level 5.7 Translocations
 + Level 16.7 Invocations
 - Level 7.0 Evocations


You had 30 spell levels left.
You knew the following spells:

 Your Spells              Type           Power      Damage    Failure   Level
a - Blink                 Tloc           24%        N/A       12%         2

Your spell library contained the following spells:

 Spells                   Type           Power      Damage    Failure   Level
 Lesser Beckoning         Tloc           24%        N/A       12%         2
 Gell's Gravitas          Tloc           12%        N/A       24%         3
 Teleport Other           Tloc           12%        N/A       24%         3
 Momentum Strike          Conj/Tloc      14%        3d8       36%         2
 Portal Projectile        Hex/Tloc       14%        N/A       58%         3
 Vhi's Electric Charge    Tloc/Air       14%        N/A       58%         3
 Freeze                   Ice            8%         1d3       63%         1
 Magic Dart               Conj           8%         1d3       63%         1
 Sandblast                Erth           4%         2d4       63%         1
 Sting                    Tmut/Pois      8%         1d3       63%         1
 Ensorcelled Hibernation  Hex/Ice        4%         N/A       77%         2
 Passwall                 Tmut/Erth      1%         N/A       77%         2
 Poisonous Vapours        Pois/Air       4%         N/A       77%         2
 Searing Ray              Conj           4%         2d4       77%         2
 Call Canine Familiar     Summ           2%         N/A       94%         3
 Frozen Ramparts          Ice            4%         1d1       94%         3
 Hailstorm                Conj/Ice       2%         3d3       94%         3
 Ignite Poison            Fire/Tmut/Pois 2%         N/A       94%         3
 Inner Flame              Hex/Fire       2%         N/A       94%         3
 Ozocubu's Armour         Ice            2%         N/A       94%         3
 Stone Arrow              Conj/Erth      4%         3d7       94%         3
 Swiftness                Air            2%         N/A       94%         3
 Iskenderun's Mystic Bla  Conj/Tloc      7%         2d4       94%         4
 Flame Wave               Conj/Fire      2%         2d4       100%        4
 Fulminant Prism          Conj/Hex       1%         3d5       100%        4
 Ice Form                 Ice/Tmut       2%         N/A       100%        4
 Leda's Liquefaction      Hex/Erth       1%         N/A       100%        4
 Olgreb's Toxic Radiance  Pois           2%         N/A       100%        4
 Petrify                  Tmut/Erth      2%         N/A       100%        4
 Sticky Flame             Conj/Fire      2%         2d3       100%        4
 Summon Ice Beast         Ice/Summ       2%         N/A       100%        4
 Summon Lightning Spire   Summ/Air       2%         N/A       100%        4
 Arcjolt                  Conj/Air       1%         1d11      100%        5
 Fireball                 Conj/Fire      1%         3d3       100%        5
 Irradiate                Conj/Tmut      1%         3d12      100%        5
 Iskenderun's Battlesphe  Conj           2%         2d6       100%        5
 Summon Mana Viper        Hex/Summ       2%         N/A       100%        5
 Yara's Violent Unravell  Hex/Tmut       1%         3d3       100%        5
 Conjure Ball Lightning   Conj/Air       1%         3x3d6     100%        6
 Dispersal                Tloc           6%         N/A       100%        6
 Iron Shot                Conj/Erth      1%         9d1       100%        6
 Plasma Beam              Fire/Air       1%         2x1d12    100%        6
 Simulacrum               Ice/Necr       1%         N/A       100%        6
 Enfeeble                 Hex            1%         N/A       100%        7
 Monstrous Menagerie      Summ           1%         N/A       100%        7
 Orb of Destruction       Conj           1%         9d5       100%        7
 Ozocubu's Refrigeration  Ice            1%         4d7       100%        7
 Spellforged Servitor     Conj/Summ      1%         N/A       100%        7
 Storm Form               Tmut/Air       1%         N/A       100%        7
 Ignition                 Fire           1%         3d3       100%        8
 Maxwell's Capacitive Co  Air            1%         ∞         100%        8
 Chain Lightning          Conj/Air       1%         3d1       100%        9
 Fire Storm               Conj/Fire      1%         7d1       100%        9
 Polar Vortex             Ice            1%         N/A       100%        9
 Shatter                  Erth           1%         3d5*      100%        9
 Sublimation of Blood     Necr           Unusable   N/A       N/A         2

Dungeon Overview and Level Annotations

Branches:
Dungeon (15/15)            Temple (1/1) D:5            Lair (5/5) D:8
  Swamp (4/4) Lair:3       Spider (4/4) Lair:3        Slime (1/5) Lair:5
    Orc (2/2) D:9             Elf (0/3) Orc:2        Vaults (4/5) D:13
  Crypt (3/3) Vaults:3     Depths (2/4) D:15          Sewer (visited)
 WizLab (visited)         Desolation (visited)
   Tomb: Crypt:3

Altars:
Ashenzari
Cheibriados
Dithmenos
Elyvilon
Fedhas
Gozag
Hepliaklqana
Kikubaaqudgha
Makhleb
Nemelex Xobeh
Okawaru
Qazlal
Ru
Sif Muna
Trog
Uskayaw
Vehumet
Wu Jian
Xom
Yredelemnul
Zin
The Shining One
Jiyva
Lugonu

Shops:
D:4 *   D:7 [   D:9 [*:   D:12 :   D:15 =   Orc:1 :   Orc:2 **[*[   Vaults:4 *

Portals:
Hell: Depths:1
Abyss: Crypt:2 Depths:1
Pandemonium: Depths:1
Ziggurat: Depths:1

Annotations:
Crypt:1 Boris
Crypt:2 Vv
Depths:1 3 runed translucent doors, grizmgrazm2's ghost, adept DrTm; onwiheg's ghost, adept FoFi


Innate Abilities, Weirdness & Mutations

You are immune to sickness and miasma.
Your stone body is resilient. (AC +16)
You are immune to poison.
Your large and strong wings let you fly.
You resist negative energy. (rN+)
You are resistant to electric shocks. (rElec)
You are resistant to unholy torment.
You are immune to petrification.


Message History

The floor.
Unknown command.
Vv the Exile comes into view.
Vv calls freezing cold from the walls.
The frost grips you but does no damage.
You are encased in ice.
The ice encasing you melts away. Vv hits you but does no damage.
You block Vv's attack. Vv barely misses you. You block Vv's attack.
Vv hits you!! Vv freezes you!! Vv hits you!
You are engulfed in flames!!!
* * * LOW HITPOINT WARNING * * *
Vv hits you but does no damage. x2
There is a stone staircase leading up here.
You block Vv's attack. Vv hits you but does no damage.
The royal mummy casts a spell.
You fly upwards.
There is a stone staircase leading down, spattered with blood here.
Blink to where?
Press: ? - help, Dir - move target
As you read the scroll of blinking, it crumbles to dust.
Press: ? - help, v - describe, . - travel
Here: Vv (haloed)
The floor, spattered with blood.
You are momentarily dazzled by a brilliant light.
Something hits your daeva!! Something freezes your daeva!!
Something hits your daeva!
Your daeva is engulfed in flames!!
Your daeva dies!
Your daeva dissolves into sparkling lights!
Vv rends the earth beneath you! The blast of magma engulfs you!
* * * LOW HITPOINT WARNING * * *
There is an open door here.
You reach down and close the door.
There's nothing to close nearby.
There is an open door here.
You reach down and close the door.
You reach down and open the door.
Vv calls freezing cold from the walls.
The frost grips you!!
You die...

.......................#......#..
.......................#....##...
..................##....#..#.....
....................##..#..#.....
...........#####...[..##..#..##..
...........#...#..[...........#..
...........#...#........#.....#..
...........+...#..>[....#.....#..
...........#...'@.......#.....#..
...........#...#........#.....'..
..........≈#...#........#.....#..
...........#####9.......#######..
.................................
#################################


You could see Vv.

Vanquished Creatures
  2 deep elf master archers (WizLab)
  2 sphinxes (Vaults:3)
  An ancient champion (Crypt:3)
  2 thorn hunters
  A tengu reaver (Vaults:2)
  2 revenants
  A fire giant (Depths:1)
  4 fenstrider witches
  The ghost of Rygut the Fighter, a journeyman DrFi of Ashenzari (Orc:1)
  A frost giant (Depths:1)
  6 vault wardens
  2 orc warlords
  5 emperor scorpions
  A caustic shrike zombie (Crypt:3)
  7 ghouls
  A juggernaut zombie (Crypt:1)
  5 ghost moths (Spider:4)
  9 ironbound preservers
  2 war gargoyles (Vaults:2)
  3 broodmothers
  A juggernaut skeleton (D:15)
  5 ironbound thunderhulks
  2 stone giants (Depths:1)
  The ghost of Nicoed the Executioner, a journeyman MiBe of Okawaru (Lair:3)
  7 very ugly things
  A rockslime zombie (Crypt:3)
  5 vampire knights
  A deep elf demonologist (Vaults:2)
  3 eleionomae
  The ghost of Name63 the Fighter, a journeyman MiHu of Okawaru (Orc:1)
  A bunyip (Swamp:1)
  8 dire elephants
  Azrael (Orc:1)
  A spark wasp (Spider:4)
  An eidolon (Crypt:2)
  5 deep elf death magi
  A fire dragon (Lair:5)
  5 great orbs of eyes
  2 ettins
  A quicksilver dragon skeleton (Crypt:3)
  9 yaktaur captains
  5 entropy weavers
  2 shambling mangroves (WizLab)
  5 jiangshi
  2 rakshasas (Depths:1)
  4 ragged hierophants (Desolation)
  11 hydras
  An ice dragon (Depths:1)
  12 servants of whispers (Desolation)
  14 ironbound frosthearts
  A caustic shrike simulacrum (Crypt:3)
  2 catoblepae (Lair:4)
  6 centaur warriors
  8 peacekeepers
  8 vault guards
  2 jorogumos
  6 radroaches
  A ghost crab (Swamp:1)
  A deep troll shaman (Depths:1)
  8 boulder beetles
  An Orb Guardian skeleton (Crypt:3)
  5 tengu warriors
  3 satyrs (WizLab)
  5 deep troll earth magi
  13 alligators
  2 vampire magi
  6 death yaks
  9 spriggans
  3 naga sharpshooters (WizLab)
  5 orc high priests
  Sonja (D:12)
  2 spriggan berserkers (Swamp:4)
  A shadow wraith (Crypt:3)
  2 soul eaters
  Lodul (D:12)
  2 iron trolls (Depths:1)
  A sun moth (Spider:3)
  8 pharaoh ants
  24 skeletal warriors
  8 orb spiders
  A sixfirhy (Depths:1)
  26 deep trolls
  2 goliath frogs
  11 bog bodies
  2 glowing orange brains
  2 flayed ghosts (Crypt:2)
  A shadow demon (Depths:1)
  7 wizards
  8 swamp dragons
  6 steelbarb worms
  A shadow dragon zombie (Crypt:1)
  3 deep elf archers (WizLab)
  9 lindwurms
  6 spriggan druids
  A spriggan simulacrum (Crypt:3)
  A wolf spider zombie (D:14)
  4 deep elf pyromancers
  3 phantasmal warriors
  2 necromancers
  21 ironbound convokers
  9 orc knights
  6 will-o-the-wisps
  An oklob plant (WizLab)
  18 ugly things
  4 manticores
  8 orc sorcerers
  6 fauns (WizLab)
  24 wolf spiders
  6 cyclopes
  5 centaur zombies (D:14)
  A moth of wrath (Spider:2)
  A guardian serpent (Desolation)
  9 black mambas
  19 vault sentinels
  Maurice (D:9)
  24 elephants
  3 molten gargoyles (Desolation)
  A gargoyle (D:11)
  4 spectral spriggans (Swamp:1)
  17 cane toads
  10 demonic crawlers
  3 torpor snails
  Psyche (D:10)
  2 rime drakes
  A naga skeleton (Crypt:3)
  A dire elephant skeleton (Crypt:1)
  3 unseen horrors
  5 komodo dragons
  A redback zombie (D:14)
  A freezing wraith (Crypt:1)
  3 tengu conjurers
  30 yaktaurs
  A grey draconian skeleton (Crypt:1)
  An alligator snapping turtle skeleton (Crypt:2)
  A red devil (Depths:1)
  4 meliai
  5 trolls
  8 blink frogs
  7 tyrant leeches
  11 polar bears
  A bloated husk (Swamp:3)
  32 tarantellas
  13 hornets
  5 raiju (Lair:5)
  38 saltlings (Desolation)
  A satyr zombie (Crypt:3)
  A guardian serpent zombie (Crypt:1)
  28 jumping spiders
  A spriggan zombie (D:15)
  34 slime creatures
  A shadow (D:12)
  3 wraiths
  25 culicivoras
  42 yaks
  2 vampires
  A wyvern (D:9)
  2 hogs (Swamp:3)
  5 basilisks
  An ettin skeleton (D:15)
  5 fire elementals (Orc:1)
  A steam dragon (D:7)
  A neqoxec (Depths:1)
  34 redbacks
  23 vampire mosquitoes
  A faun zombie (Crypt:2)
  8 wargs
  4 acid dragons
  A glowing shapeshifter zombie (D:15)
  12 swamp worms
  15 hell hounds
  13 water moccasins
  9 swamp drakes
  14 black bears
  23 orc warriors
  2 sky beasts
  A hornet zombie (D:14)
  3 ice beasts
  A cane toad skeleton (Crypt:2)
  A boggart (D:13)
  19 ogres
  32 wolves
  10 centaurs
  5 kobold brigands
  Blork the orc (D:5)
  8 bullfrogs
  A rime drake skeleton (Crypt:2)
  A salamander skeleton (Crypt:2)
  3 gnoll sergeants
  2 scorpions (D:6)
  4 necrophages
  22 wights
  5 killer bees (D:8)
  6 howler monkeys
  4 gnoll boudas
  8 hounds
  3 jellies
  16 orc priests
  2 sleepcaps (D:6)
  A human skeleton (Crypt:1)
  8 iguanas
  2 boggart zombies
  18 orc wizards
  4 hell rats (Lair:2)
  4 mummies (Crypt:3)
  48 gnolls
  A river rat (Sewer)
  14 adders
  A shadow imp (D:8)
  3 white imps
  An adder zombie (Crypt:1)
  7 worms
  3 dart slugs
  89 orcs
  4 ball pythons
  3 bats
  9 endoplasms
  5 giant cockroaches
  A gnoll zombie (Crypt:3)
  3 goblins
  5 hobgoblins
  13 jackals
  4 quokkas
  8 frilled lizards
  A frilled lizard zombie (Crypt:1)
  13 kobolds
  A quokka skeleton (Crypt:1)
  8 rats
1546 creatures vanquished.

Vanquished Creatures (collateral kills)
  Boris (Vaults:4)
  Jory (Crypt:2)
  Jorgrun (D:13)
  A lich (Crypt:2)
  A deep elf master archer (WizLab)
  2 sphinxes (Vaults:4)
  Kirke (Swamp:3)
  Agnes (D:15)
  A thorn hunter (WizLab)
  2 fire giants
  A vault warden (Vaults:2)
  An imperial myrmidon (Desolation)
  4 ghouls (Crypt:2)
  An ironbound preserver (Vaults:2)
  A deep elf demonologist (Vaults:2)
  An ironbound thunderhulk (Vaults:4)
  A vampire knight (Crypt:2)
  A deep elf death mage (Vaults:2)
  A jiangshi (Crypt:2)
  3 ragged hierophants (Desolation)
  2 shambling mangroves
  7 hydras (Swamp:4)
  A centaur warrior (D:15)
  A boulder beetle (Vaults:2)
  2 deep troll earth magi (Vaults:2)
  A spriggan berserker (Swamp:4)
  2 vampire magi (Crypt:2)
  A naga sharpshooter (WizLab)
  A death drake (Swamp:4)
  A bog body (Swamp:4)
  4 wizards
  7 swamp dragons (Swamp:4)
  4 ironbound convokers
  A cyclops (D:15)
  A guardian serpent (Desolation)
  4 saltlings (Desolation)
  A hornet (Swamp:3)
  4 slime creatures (Vaults:2)
  A vampire mosquito (Swamp:3)
  A swamp worm (Swamp:3)
  3 swamp drakes (Swamp:4)
  A manticore zombie (Crypt:2)
  2 centaurs (D:15)
  A necrophage (Crypt:2)
  An orc zombie (Crypt:2)
82 creatures vanquished.

Vanquished Creatures (others)
  A bunyip (Swamp:1)
  A deep troll (Vaults:2)
  5 bloated husks
  A human (Swamp:3)
  A redback (Spider:2)
  A jelly (D:7)
  An adder (D:5)
  An orc (D:7)
  25 foxfires
  A lurking horror (Crypt:2)
38 creatures vanquished.

Grand Total: 1666 creatures vanquished

Notes
Turn   | Place    | Note
-------+----------+-------------------------------------------
     0 | D:1      | speedhar the Gargoyle Fighter began the quest for the Orb.
     0 | D:1      | Reached XP level 1. HP: 14/14 MP: 1/1
   256 | D:1      | Reached XP level 2. HP: 18/19 MP: 2/2
  1041 | D:2      | Reached XP level 3. HP: 23/23 MP: 3/3
  1471 | D:2      | Found a faded altar of an unknown god.
  2231 | D:2      | Reached XP level 4. HP: 29/29 MP: 4/4
  2303 | D:2      | Reached XP level 5. HP: 26/33 MP: 5/5
  2393 | D:3      | Found a bloodstained altar of Trog.
  2522 | D:3      | Found a snail-covered altar of Cheibriados.
  2522 | D:3      | Found a white marble altar of Elyvilon.
  2982 | D:3      | Reached XP level 6. HP: 31/38 MP: 6/6
  3301 | D:3      | Reached XP level 7. HP: 14/44 MP: 7/7
  3669 | D:2      | Reached skill level 5 in Maces & Flails
  4001 | D:2      | Reached skill level 5 in Shields
  4455 | D:3      | Reached skill level 5 in Fighting
  4796 | D:4      | Reached skill level 5 in Armour
  5008 | D:4      | Found Ybeth's General Store.
  5074 | D:4      | Found a glowing silver altar of Zin.
  5119 | D:4      | Found a shadowy altar of Dithmenos.
  5312 | D:4      | Bought 3 scrolls of identify for 66 gold pieces
  5312 | D:4      | Bought a scroll of identify for 22 gold pieces
  6077 | D:5      | Entered Level 5 of the Dungeon
  6079 | D:5      | Noticed Blork the orc
  6100 | D:5      | Killed Blork the orc
  6177 | D:5      | Reached XP level 8. HP: 50/50 MP: 8/8
  6408 | D:5      | Found a glowing drain.
  6440 | D:5      | Reached skill level 1 in Throwing
  6440 | D:5      | Reached skill level 1 in Evocations
  6482 | D:5      | Reached skill level 1 in Dodging
  6503 | Sewer    | Entered a sewer
  7522 | D:5      | Found a staircase to the Ecumenical Temple.
  7531 | Temple   | Entered the Ecumenical Temple
  7580 | Temple   | Became a worshipper of the Shining One
  7823 | D:5      | Reached XP level 9. HP: 50/55 MP: 9/9
  8408 | D:6      | Found an iron altar of Okawaru.
  8522 | D:6      | Reached skill level 1 in Invocations
  8672 | D:6      | Reached * piety under the Shining One
  9235 | D:6      | Identified a scroll of acquirement
  9237 | D:6      | Acquired 929 gold pieces
  9443 | D:7      | Reached XP level 10. HP: 49/61 MP: 12/12
  9670 | D:7      | Found a shimmering blue altar of Sif Muna.
  9733 | D:7      | Found Xethin's Antique Armour Shop.
 10237 | D:8      | Found a burning altar of Makhleb.
 10288 | D:8      | Found a staircase to the Lair.
 10837 | D:8      | Reached ** piety under the Shining One
 10918 | D:8      | Found a sacrificial altar of Ru.
 11157 | D:9      | Found a broken altar of Ashenzari.
 11209 | D:9      | Noticed Maurice
 11219 | D:9      | Killed Maurice
 11359 | D:9      | Found a staircase to the Orcish Mines.
 11545 | D:9      | Found Riresin's Book Boutique.
 11610 | D:9      | Found Fuxkom's Armour Boutique.
 11610 | D:9      | Reached *** piety under the Shining One
 11820 | D:9      | Found Byr Vatross's Assorted Antiques.
 11944 | D:9      | Identified the +1 ring mail of Wuaptas {Harm Fly rC+ Dex-4}
 11965 | D:9      | Reached XP level 11. HP: 62/68 MP: 14/14
 12327 | D:10     | Entered Level 10 of the Dungeon
 12396 | D:10     | Noticed Psyche
 12402 | D:10     | Killed Psyche
 13087 | D:11     | Noticed a cyclops
 13211 | Lair:1   | Entered Level 1 of the Lair of Beasts
 13452 | Lair:1   | Reached skill level 5 in Invocations
 14395 | Lair:1   | Reached skill level 5 in Throwing
 14403 | Lair:1   | Reached skill level 5 in Evocations
 14555 | Lair:2   | Reached XP level 12. HP: 36/75 MP: 12/16
 14936 | Lair:2   | Reached skill level 5 in Dodging
 15880 | Lair:3   | Identified the +8 mace of Wemn {drain, rPois Dex+2 Stlth+}
 15884 | Lair:3   | Identified the +0 robe of Purpose {Str+4}
 16001 | Lair:3   | Noticed Nicoed's ghost (journeyman MiBe)
 16003 | Lair:3   | Found a runed translucent door.
 16085 | Lair:3   | Found a staircase to the Swamp.
 16129 | Lair:3   | Found a hole to the Spider Nest.
 16179 | Lair:3   | Noticed a seven-headed hydra
 16190 | Lair:3   | Killed a seven-headed hydra
 17221 | Lair:4   | Reached skill level 10 in Shields
 17221 | Lair:4   | Reached XP level 13. HP: 82/82 MP: 18/18
 17489 | Lair:4   | Reached skill level 10 in Fighting
 17497 | Lair:4   | Reached skill level 10 in Armour
 17829 | Lair:4   | Reached skill level 10 in Maces & Flails
 18064 | Lair:4   | Reached **** piety under the Shining One
 18836 | Lair:5   | Entered Level 5 of the Lair of Beasts
 19941 | Lair:5   | Gained mutation: Your large and strong wings let you fly.
                  | [Gargoyle growth]
 19941 | Lair:5   | Reached XP level 14. HP: 88/88 MP: 20/20
 20310 | Lair:5   | Found a staircase to the Slime Pits.
 20310 | Lair:5   | Found a viscous altar of Jiyva.
 21460 | Lair:5   | Acquired the +3 kite shield of Limited Liability {rCorr
                  | Slay+3}
 21696 | Slime:1  | Entered Level 1 of the Pits of Slime
 21812 | Slime:1  | Noticed an acid blob
 22005 | Orc:1    | Entered Level 1 of the Orcish Mines
 22167 | Swamp:1  | Entered Level 1 of the Swamp
 22180 | Swamp:1  | Reached ***** piety under the Shining One
 22267 | Lair:3   | Reached skill level 10 in Invocations
 23099 | Swamp:1  | Noticed an eleionoma
 23107 | Swamp:1  | Killed an eleionoma
 23108 | Swamp:1  | Reached XP level 15. HP: 96/96 MP: 22/22
 23195 | Swamp:1  | Found the amulet of the Air {Inacc Air Fly rElec RMsl}
 24514 | Swamp:1  | Noticed a ghoul
 24523 | Swamp:1  | Noticed a ghoul
 24882 | Swamp:2  | Identified the +3 robe of an ossuary {rC+}
 25944 | Swamp:3  | Noticed Kirke
 25983 | Spider:1 | Entered Level 1 of the Spider Nest
 26016 | Spider:1 | Reached ****** piety under the Shining One
 26056 | Spider:1 | Noticed an emperor scorpion
 26272 | Lair:3   | Killed an emperor scorpion
 27651 | Spider:1 | Reached XP level 16. HP: 101/103 MP: 24/24
 32349 | Spider:4 | Entered Level 4 of the Spider Nest
 33284 | Spider:4 | Reached XP level 17. HP: 105/110 MP: 26/26
 33909 | Spider:4 | Reached skill level 10 in Dodging
 34296 | Spider:4 | Got a gossamer rune of Zot
 35764 | D:12     | Found Deako's Book Emporium.
 36187 | D:13     | Found a gate to the Vaults.
 36422 | D:13     | Noticed Sonja
 36435 | D:12     | Killed Sonja
 36527 | D:13     | Noticed Lodul
 36633 | D:12     | Killed Lodul
 36657 | D:13     | Noticed Jorgrun
 37030 | D:13     | Killed Jorgrun
 37191 | Vaults:1 | Entered Level 1 of the Vaults
 37700 | Vaults:1 | Found a crumbling gateway.
 37707 | Desolati | Entered the Desolation of Salt
 37724 | Desolati | Reached XP level 18. HP: 117/117 MP: 4/28
 37986 | Desolati | Reached skill level 15 in Shields
 38208 | Desolati | Reached skill level 15 in Fighting
 38259 | Desolati | Identified the +1 crystal plate armour "Fotwafexea" {+Inv
                  | rF- Dex+8}
 38324 | Desolati | Identified the ring of Cynepuw {rC+ Str-2 Int+4}
 38333 | Desolati | Got the Vellum of Singed Battling
 38474 | Desolati | Reached skill level 15 in Armour
 40195 | D:14     | Found a burning altar of Makhleb.
 40577 | D:15     | Entered Level 15 of the Dungeon
 40992 | D:15     | Found a broken altar of Ashenzari.
 41218 | D:15     | Found a staircase to the Depths.
 41325 | D:15     | Noticed Agnes
 41331 | D:15     | Killed Agnes
 41638 | D:15     | Found Qilaesu's Jewellery Shop.
 42653 | Vaults:1 | Reached XP level 19. HP: 115/124 MP: 29/29
 43016 | Abyss:2  | Cast into level 2 of the Abyss (a wizard)
 43070 | Vaults:1 | Escaped the Abyss
 44385 | Vaults:2 | Reached skill level 15 in Maces & Flails
 45172 | Depths:1 | Entered Level 1 of the Depths
 45341 | Depths:1 | Identified the +5 arbalest "Zownocza" {drain, Will+++ Str+3
                  | Int-5}
 45509 | Depths:1 | Reached skill level 15 in Invocations
 45513 | Depths:1 | Found a runed translucent gate.
 45545 | Depths:1 | Found a runed translucent gate.
 45545 | Depths:1 | Found a runed translucent gate.
 45547 | Depths:1 | Noticed grizmgrazm2's ghost (adept DrTm)
 45547 | Depths:1 | Noticed onwiheg's ghost (adept FoFi)
 45572 | Depths:1 | Found a one-way gateway to a ziggurat.
 45783 | Depths:1 | Found a gateway to Hell.
 46011 | Depths:1 | Found a one-way gate to the infinite horrors of the Abyss.
 46571 | Depths:1 | Found a one-way gate leading to the halls of Pandemonium.
 46711 | Depths:2 | Noticed a caustic shrike
 46715 | Depths:2 | Noticed a caustic shrike
 46992 | Vaults:2 | Reached XP level 20. HP: 132/132 MP: 31/31
 47280 | Vaults:2 | Identified the +2 long sword "Pisaroal" {freeze, rElec rF-
                  | Str+3 Stlth+}
 48279 | Orc:2    | Entered Level 2 of the Orcish Mines
 48501 | Orc:2    | Noticed Azrael
 48521 | Orc:1    | Killed Azrael
 48760 | Orc:2    | Found a staircase to the Elven Halls.
 49480 | Orc:2    | Paralysed by an orc sorcerer for 3 turns
 49491 | Orc:2    | Found Ruizuef's Assorted Antiques.
 49491 | Orc:2    | Found Meq Tey's Armour Boutique.
 49600 | Orc:2    | Found Enkeresk's Antique Armour Boutique.
 49600 | Orc:2    | Found Xastrioc's Assorted Antiques.
 49609 | Orc:2    | Bought a coppery potion for 31 gold pieces
 49611 | Orc:2    | Bought a smelly plate armour for 644 gold pieces
 49611 | Orc:2    | Identified the +10 plate armour of Hedonism {rElec rN++
                  | Dex-3 SInv} (You bought it in a shop on level 2 of the
                  | Orcish Mines)
 49611 | Orc:2    | Bought a smoking graven amulet for 115 gold pieces
 49611 | Orc:2    | Identified the amulet "Ummiav" {RegenMP rC+ Regen+ rCorr}
                  | (You bought it in a shop on level 2 of the Orcish Mines)
 49677 | Orc:2    | Found Xobiengo's Assorted Antiques.
 49789 | Orc:1    | Paralysed by an orc sorcerer for 5 turns
 49860 | Orc:1    | Found Ataul's Book Shoppe.
 49860 | Orc:1    | Found a runed translucent gate.
 49860 | Orc:1    | Found a runed translucent gate.
 49860 | Orc:1    | Found a runed translucent gate.
 49865 | Orc:1    | Bought a book of Spatial Translocations for 306 gold pieces
 49868 | Orc:1    | Learned a level 2 spell: Blink
 49872 | Orc:1    | Noticed Name63's ghost (journeyman MiHu)
 49872 | Orc:1    | Noticed Rygut's ghost (journeyman DrFi)
 49904 | Orc:1    | Killed Name63's ghost
 49923 | Orc:1    | Killed Rygut's ghost
 50304 | Lair:3   | Killed Nicoed's ghost
 50555 | Swamp:3  | Killed Kirke
 50753 | Swamp:3  | Reached skill level 1 in Translocations
 50865 | Swamp:3  | Reached skill level 1 in Spellcasting
 51201 | Swamp:4  | Entered Level 4 of the Swamp
 51950 | Swamp:4  | Identified the +0 tower shield of Responsibility {rPois rN+
                  | rCorr Int-4}
 52054 | Swamp:4  | Got a decaying rune of Zot
 52677 | Vaults:3 | Paralysed by a vampire knight for 2 turns
 52737 | Vaults:3 | Found a staircase to the Crypt.
 52802 | Vaults:3 | Reached XP level 21. HP: 138/138 MP: 32/32
 55374 | Vaults:4 | Found Ycets's Assorted Antiques.
 55411 | Vaults:4 | Bought an ivory ring for 225 gold pieces
 55472 | Vaults:4 | Found a magical portal.
 55477 | WizLab   | Entered Eringya's Formal Garden
 56173 | WizLab   | Paralysed by a fenstrider witch for 5 turns
 56689 | WizLab   | Found a blossoming altar of Fedhas.
 56981 | Vaults:4 | Noticed Boris
 56989 | Vaults:4 | Killed Boris
 58705 | Crypt:1  | Entered Level 1 of the Crypt
 58712 | Vaults:3 | Reached XP level 22. HP: 145/145 MP: 34/34
 58958 | Crypt:1  | Paralysed by a vampire knight for 4 turns
 59287 | Crypt:1  | Noticed Boris
 59342 | Crypt:2  | Reached skill level 5 in Spellcasting
 59369 | Crypt:2  | Reached skill level 5 in Translocations
 59704 | Crypt:2  | Noticed Jory
 59720 | Crypt:2  | Killed Jory
 60041 | Crypt:2  | Found a corrupted altar of Lugonu.
 60229 | Crypt:2  | Identified the +1 robe of Grace {rF- Will+ Slay+5}
 60284 | Crypt:3  | Entered Level 3 of the Crypt
 60774 | Crypt:3  | Noticed a royal mummy
 60789 | Crypt:3  | Noticed Vv
 60816 | Crypt:2  | Killed from afar by Vv

Illustrated notes

Levels and vault maps discovered:
D:1:      dpeg_arrival_oval, layout_loops_ring
D:2:      layout_loops_corners, shapermc_ecumenical_altar_mp_vishouse,
          chequers_arboretum
D:3:      lemuel_castle_with_subvaults [lemuel_castle_interior_carwin_1],
          layout_basic, mainiacjoe_overflow_brackets,
          gammafunk_temple_overflow_statue
D:4:      layout_layer_cave, kennysheep_mini,
          mainiacjoe_overflow_surrounded_room, serial_shops, shop,
          kennysheep_generic_room_7
D:5:      layout_cave_pools, temple_hall, gup_sewer_entry_glass,
          hangedman_decor_growths, grunt_decor_clamped, uniq_blork_the_orc
D:6:      layout_basic, mainiacjoe_overflow_concentric_impassable,
          minmay_misc_feat_diagonals
D:7:      layout_basic, tgw_sif, serial_shops, nicolae_shop_statue_plus,
          corexii_item_surrounded_by_moat
D:8:      layout_basic, mainiacjoe_overflow_small_starburst,
          overflow_temple_1_default, lair_entry_dummy
D:9:      layout_loops_corners, nicolae_overflow_crystal_walls,
          david_orc_1_choice, serial_shops, nicolae_shop_hallway_stairs,
          nicolae_shop_window_shopping, shop, uniq_maurice
D:10:     layout_roguey, uniq_psyche
D:11:     layout_roguey
D:12:     layout_rooms, serial_shops, shop
D:13:     layout_rooms, erik_vaults_2, uniq_sonja, uniq_lodul, uniq_jorgrun
D:14:     layout_layer_cave, serial_undead, serial_undead_c, serial_undead_d,
          serial_undead_c, serial_undead_d, makhleb_altar_promises_db
D:15:     gammafunk_depths_entry_grave, layout_stronghold,
          nicolae_ashenzari_panopticon, serial_shops,
          nicolae_shop_tiny_real_fake_doors, uniq_agnes
Temple:   hellmonk_temple_forest_ring
Lair:1:   beast_lair_carwin_large_3, layout_hall_layers, grunt_megastairs_5
Lair:2:   layout_chaotic_city
Lair:3:   layout_small_grid, swamp_mist, spider_nest_entry_a,
          hellmonk_ghost_happy_afterlife, lemuel_fruit_tree, grunt_megastairs_2,
          infiniplex_staircase_pool_2
Lair:4:   layout_hall_layers
Lair:5:   hangedman_lair_caniforms_friends, layout_cave_pods,
          guppyfry_lair_end_dragon, nicolae_slime_entry_field_trip
Swamp:1:  nicolae_swamp_flooded_prison, layout_falls_marsh,
          evilmike_swamp_ruin_house_1, swamp_pool4
Swamp:2:  layout_basic_swamp, evilmike_swamp_ruin_house_6, swamp_pool3
Swamp:3:  layout_basic_swamp, evilmike_swamp_ruin_rubble_1, swamp_pool2,
          nicolae_swamp_some_circles, uniq_kirke
Swamp:4:  swamp_basic_johnstein, layout_basic_swamp
Spider:1: layout_spider_delve
Spider:2: layout_spider_delve, hangedman_spider_tarantella_strand
Spider:3: layout_chambers, nicolae_spider_webs_and_nodes
Spider:4: grunt_spider_rune_parallel, hellmonk_narrow_tunnel
Slime:1:  nicolae_slime_jelly_donut, layout_caves,
          cheibrodos_slime_lost_civilization_7
Orc:1:    layout_diamond_mine, serial_shops, shop, gammafunk_ghost_cemetery
Orc:2:    grunt_orc_tribal_feast, layout_caves, serial_shops,
          nicolae_shop_tiny_glass, minmay_orc_keep, uniq_azrael
Vaults:1: portal_desolation_entry_nicolae_slug,
          nicolae_vaults_security_offices_6, hangedman_vaults_snaps, v_rooms_4,
          nicolae_vaults_doubleplus_tesselated, nicolae_vaults_little_squares_1,
          nicolae_vaults_more_shelving_1, vaults_dpeg_diagonal,
          ontoclasm_vaults_fault, layout_vaults_quadrants
Vaults:2: v_pattern_5, grunt_vaults_swirl, dpeg_vaults_monster_box,
          nicolae_vaults_sightless_eye, v_misc_29, nicolae_vaults_wrenched,
          nicolae_vaults_library_corner, vaults_room_stairs_pillars,
          vaults_room_pool, vaults_room_pools, vaults_dpeg_spiral,
          nicolae_vaults_double_plus_2, layout_vaults_big_cross
Vaults:3: nicolae_vaults_house_1, nicolae_vaults_bisected_exclaves,
          nicolae_vaults_puzzle_piece, ontoclasm_vaults_tryst,
          nicolae_vaults_network_s, nicolae_vaults_back_hallway, v_misc_14,
          grunt_vaults_trifunnel, nicolae_vaults_tetromino_L_2, st_spiral_rooms,
          minmay_crypt_entry_simple_box, nicolae_vaults_tetromino_L_1,
          v_alt_pattern_6, nicolae_vaults_double_plus_1, layout_vaults_ring
Vaults:4: mu_enter_wizlab_1, nicolae_vaults_stepped_doors,
          hangedman_vaults_capsules, vaults_mumra_minichess_inversion,
          nicolae_vaults_circle_grid_a, v_misc_32,
          nicolae_vaults_storage_closets_2, hangedman_vaults_impose,
          ontoclasm_vaults_hangar, nicolae_vaults_house_1,
          nicolae_vaults_storage_room_water, layout_vaults_chaotic_city,
          serial_shops, shop, uniq_boris
Crypt:1:  layout_catacombs
Crypt:2:  layout_regular_city, serial_sigils, serial_sigils_hangedman_confine,
          serial_sigils_hangedman_gut, serial_sigils_hangedman_writhe,
          serial_sigils_hangedman_gut, serial_sigils_hangedman_stare,
          serial_sigils_hangedman_quiver, amcnicky_altar_lugonu_corruption,
          uniq_jory
Crypt:3:  lightli_unholy_cathedral, layout_chaotic_city,
          nicolae_tomb_entry_unfolded_pyramid_orthogonal,
          minmay_misc_feat_pillars, lemuel_hellish_altar, uniq_sojobo, uniq_vv,
          uniq_xtahua, uniq_khufu
Depths:1: layout_gridlike, enter_ziggurat_e, rand_demon_pan_entry_1,
          pf_vacation_house_of_asmodeus, gammafunk_ghost_cemetery,
          roderic_lattice_a, abyss_entry_crystal, kennysheep_generic_room_14
Depths:2: grunt_crosshair, layout_honeycomb, grunt_pan_entry_in_and_out,
          grunt_mini_vestibule, infiniplex_staircase_zigzag_3, minmay_shoptagon

Skill      XL: |  1  2  3  4  5  6  7  8  9 10 11 12 13 14 15 16 17 18 19 20 21 22 |
---------------+-------------------------------------------------------------------+-----
Maces & Flails | 3 4 6 7 8 9 10 11 12 13 14 15 16 | 16.8
Shields        | 4 5 6 7 9 10 11 12 13 14 15 16 17 | 17.9
Fighting       | 4 5 6 7 8 9 10 11 12 13 14 15 16 17 | 17.8
Armour         | 4 5 6 7 8 9 10 11 12 13 14 15 16 17 | 17.8
Throwing       | 1 3 4 5 |  5.0
Evocations     | 2 3 4 5 6 7 |  7.0
Dodging        | 1 2 3 4 6 7 8 9 10 11 12 13 | 13.2
Invocations    | 2 4 5 7 8 10 11 12 13 14 15 16 | 16.7
Translocations | 2 4 5 |  5.7
Spellcasting   | 2 4 5 |  5.6

Action                     |  1- 3 |  4- 6 |  7- 9 | 10-12 | 13-15 | 16-18 | 19-21 | 22-24 || total
---------------------------+-------+-------+-------+-------+-------+-------+-------+-------++-------
  Melee: Flail             |   146 |   175 |   529 |       |       |       |       |       ||   850
         Morningstar       |       |       |    73 |   730 |  1452 |  1715 |  1643 |   414 ||  6027
         Unarmed           |       |       |       |       |       |       |     1 |       ||     1
  Throw: Javelin           |       |       |    10 |     5 |       |       |       |       ||    15
         Dart              |       |       |     7 |    39 |    14 |    32 |    19 |       ||   111
   Cast: Blink             |       |       |       |       |       |       |     1 |       ||     1
 Invoke: Divine Shield     |       |       |       |     7 |    16 |    17 |    22 |     3 ||    65
         Cleansing Flame   |       |       |       |       |     3 |    16 |    14 |     5 ||    38
         Summon Divine War |       |       |       |       |       |     4 |    12 |     2 ||    18
  Evoke: Wand              |       |       |       |    10 |    25 |    18 |     9 |       ||    62
         Lightning rod     |       |       |       |       |       |     3 |     3 |       ||     6
    Use: Potion            |       |     1 |       |       |     3 |     4 |     4 |       ||    12
         Scroll            |       |       |    23 |     4 |     5 |     7 |     7 |     1 ||    47
 Armour: Scale mail        |    93 |   114 |   249 |       |       |       |       |       ||   456
         Chain mail        |       |       |    17 |    58 |       |       |       |       ||    75
         Plate armour      |       |       |       |   260 |   710 |   955 |   853 |   148 ||  2926
  Dodge: Dodged            |    76 |   129 |   263 |   377 |   612 |   580 |   454 |    55 ||  2546
  Block: Buckler           |    36 |    58 |   246 |    59 |       |       |       |       ||   399
         Reflection        |       |       |     7 |     5 |     5 |    57 |   149 |       ||   223
         Kite shield       |       |       |       |   690 |  1606 |  2198 |  1732 |   313 ||  6539
         Other             |       |       |       |       |       |       |     1 |       ||     1
